AoeStats
← _LY_抖音肥龙

Arabia

505874271Analyzed
1v1 RM · 20d ago on Sep 11, 2026· 33m 10s· 2 players
Game mode
Random Map
Map size
Tiny (2 player)
Population
200
Speed
Normal
Resources
Standard
Victory
Conquest
Starting age
Dark Age
Ending age
Imperial Age
RankedLock teamsTeams togetherTeam positionsShared explorationLock speedFull tech treeHidden civsTurbo modeCheats
Victory
Defeat
🇭🇰 Malay · Hong Kong SAR China
2792
+5
🇧🇷 Goths · Brazil
2508
-5
Oni.miguel
4:36 Loom
9:48 Feudal Age
9:51 Man-at-Arms
10:17 Double-Bit Axe
14:46 Fletching
16:30 Horse Collar
22:06 Castle Age
23:09 Wheelbarrow
22:47 Scale Barding Armor
22:43 Padded Archer Armor
22:44 Bodkin Arrow
22:49 Padded Archer Armor
23:00 Bow Saw
24:49 Scale Mail Armor
24:39 Pikeman
25:10 Town Watch
25:32 Heavy Plow
25:48 Forging
31:01 Chain Mail Armor
32:14 Ballistics
_LY_抖音肥龙
6:52 Loom
8:50 Feudal Age
7:44 Loom
8:32 Double-Bit Axe
10:12 Loom
11:55 Horse Collar
16:58 Fletching
18:36 Fishing Lines
24:09 Castle Age
23:26 Scale Barding Armor
24:59 Gillnets
26:34 Wheelbarrow
26:23 Bow Saw
27:10 Gold Mining
28:29 Hand Cart
28:46 Stone Mining
33:49 Imperial Age
32:02 Forging
31:25 Elite Skirmisher
32:06 Bodkin Arrow
33:09 Town Watch
34:07 Gold Shaft Mining
Connection lost

Rejoining the realm…

Still unreachable

The connection could not be restored.

Session expired

The server has moved on; the page needs a fresh start.